[Event "24th Bosnjaci Open 2019"]
[Site "Bosnjaci"]
[Date "2019.01.04"]
[Round "2.23"]
[White "Tomas, Ante"]
[Black "Borzan, Andrej"]
[Result "1-0"]
[ECO "B09"]
[WhiteElo "2102"]
[BlackElo "1818"]
[Annotator "NA"]
[PlyCount "53"]
[EventDate "2019.01.03"]
[EventType "swiss"]
[EventCountry "CRO"]
[SourceTitle "playchess.com"]
[Source "ChessBase"]
[SourceQuality "1"]
[TimeControl "5400+30"]

1. e4 d6 2. d4 Nf6 3. Nc3 g6 4. f4 Bg7 5. Nf3 O-O 6. e5 Ne8 7. Be3 e6 8. h4 b6 9. h5 Bb7 10. hxg6 fxg6 11. Ng5 Qe7 12. Nxh7 c5 13. Nxf8 Qxf8 14. Qg4 Qf7 15. Bd3 cxd4 16. Bxg6 Qe7 17. Bxd4 Nc6 18. exd6 Qxd6 19. Bxg7 Nxg7 20. Rh8+ Kxh8 21. Qh4+ Kg8 22. Qh7+ Kf8 23. Qh8+ Ke7 24. Qxg7+ Kd8 25. Rd1 Nd4 26. Rxd4 Bd5 27. Nxd5 1-0

[Event "24th Bosnjaci Open 2019"]
[Site "Bosnjaci"]
[Date "2019.01.04"]
[Round "2.24"]
[White "Mutapcic, Ilija"]
[Black "Potlimbrzovic, Zdenko"]
[Result "1-0"]
[ECO "E90"]
[WhiteElo "1836"]
[BlackElo "2094"]
[Annotator "NA"]
[PlyCount "79"]
[EventDate "2019.01.03"]
[EventType "swiss"]
[EventCountry "CRO"]
[SourceTitle "playchess.com"]
[Source "ChessBase"]
[SourceQuality "1"]
[TimeControl "5400+30"]

1. d4 Nf6 2. Nf3 g6 3. c4 Bg7 4. Nc3 O-O 5. e4 d6 6. h3 Re8 7. Bg5 c6 8. Be2 Qa5 9. Qd2 a6 10. a3 b5 11. b4 Qb6 12. O-O Bb7 13. Rac1 bxc4 14. Bxc4 e6 15. Rfd1 d5 16. Na4 Qa7 17. exd5 cxd5 18. Bd3 Nc6 19. Nc5 Bc8 20. b5 Nb8 21. g4 Nfd7 22. a4 f6 23. Be3 axb5 24. axb5 Qb6 25. Kg2 Bf8 26. Qc2 Kg7 27. h4 Qd6 28. h5 e5 29. Nh4 Nxc5 30. dxc5 Qe6 31. Be2 d4 32. hxg6 Ra2 33. Nf5+ Kh8 34. Qd3 e4 35. Qc4 dxe3 36. Rh1 Qxc4 37. Rxh7+ Kg8 38. Bxc4+ Be6 39. Bxa2 Bxa2 40. Ra1 1-0

[Event "24th Bosnjaci Open 2019"]
[Site "Bosnjaci"]
[Date "2019.01.05"]
[Round "4.4"]
[White "Tomas, Ante"]
[Black "Ivekovic, Bozidar"]
[Result "0-1"]
[ECO "B22"]
[WhiteElo "2102"]
[BlackElo "2398"]
[Annotator "NA"]
[PlyCount "58"]
[EventDate "2019.01.03"]
[EventType "swiss"]
[EventCountry "CRO"]
[SourceTitle "playchess.com"]
[Source "ChessBase"]
[SourceQuality "1"]
[TimeControl "5400+30"]

1. e4 c5 2. c3 d5 3. exd5 Qxd5 4. d4 Nf6 5. Nf3 e6 6. Be3 Nc6 7. dxc5 Qxd1+ 8. Kxd1 Ng4 9. b4 Nxe3+ 10. fxe3 a5 11. Bb5 Bd7 12. Nbd2 axb4 13. Bxc6 Bxc6 14. cxb4 g6 15. Nc4 Bg7 16. Nd6+ Ke7 17. Nd4 Bxg2 18. Rg1 Bd5 19. Rf1 f5 20. a3 Be5 21. Kd2 Rhd8 22. Rfc1 Bxh2 23. Rh1 Bxh1 24. Rxh1 Bxd6 25. Rxh7+ Kf6 26. cxd6 Rxd6 27. Kc2 Rxa3 28. Rxb7 Rxe3 29. Nb5 Rd8 0-1

[Event "24th Bosnjaci Open 2019"]
[Site "Bosnjaci"]
[Date "2019.01.05"]
[Round "4.9"]
[White "Babic, Zvonko"]
[Black "Stocko, Josip"]
[Result "1/2-1/2"]
[ECO "B86"]
[WhiteElo "2190"]
[BlackElo "2282"]
[Annotator "NA"]
[PlyCount "31"]
[EventDate "2019.01.03"]
[EventType "swiss"]
[EventCountry "CRO"]
[SourceTitle "playchess.com"]
[Source "ChessBase"]
[SourceQuality "1"]
[TimeControl "5400+30"]

1. e4 c5 2. Nf3 d6 3. d4 cxd4 4. Nxd4 Nf6 5. Nc3 a6 6. Bc4 e6 7. Bb3 Nbd7 8. f4 Nc5 9. f5 e5 10. Nde2 Qa5 11. Bd2 Qc7 12. Nd5 Nxd5 13. Bxd5 Nd7 14. Ng3 Nf6 15. Bb3 h6 16. O-O 1/2-1/2

[Event "24th Bosnjaci Open 2019"]
[Site "Bosnjaci"]
[Date "2019.01.05"]
[Round "4.10"]
[White "Duda, Daniel"]
[Black "Muratovic, Efim"]
[Result "0-1"]
[ECO "D52"]
[WhiteElo "1991"]
[BlackElo "2389"]
[Annotator "NA"]
[PlyCount "72"]
[EventDate "2019.01.03"]
[EventType "swiss"]
[EventCountry "CRO"]
[SourceTitle "playchess.com"]
[Source "ChessBase"]
[SourceQuality "1"]
[TimeControl "5400+30"]

1. d4 Nf6 2. c4 e6 3. Nc3 d5 4. Bg5 Nbd7 5. Nf3 c6 6. e3 Qa5 7. cxd5 Nxd5 8. Qb3 Bb4 9. Rc1 e5 10. Bc4 N7b6 11. Bxd5 Nxd5 12. a3 Bxc3+ 13. bxc3 e4 14. Ne5 O-O 15. O-O f6 16. Nc4 Qb5 17. Qa2 fxg5 18. Nd6 Qa5 19. c4 Nf6 20. c5+ Nd5 21. Nxe4 h6 22. Nd6 Kh8 23. Qc2 Qc7 24. e4 Nf4 25. g3 Nh3+ 26. Kg2 g4 27. Rcd1 Qe7 28. d5 Qg5 29. Rd3 Qh5 30. f4 gxf3+ 31. Rdxf3 Rxf3 32. Rxf3 Bg4 33. Rf7 Ng5 34. Rxb7 Qh3+ 35. Kg1 Nf3+ 36. Kh1 Qf1# 0-1

[Event "24th Bosnjaci Open 2019"]
[Site "Bosnjaci"]
[Date "2019.01.05"]
[Round "4.11"]
[White "Goric, Esad"]
[Black "Radovic, Sinisa"]
[Result "1-0"]
[ECO "A39"]
[WhiteElo "2260"]
[BlackElo "1955"]
[Annotator "NA RC"]
[PlyCount "91"]
[EventDate "2019.01.03"]
[EventType "swiss"]
[EventCountry "CRO"]
[SourceTitle "playchess.com"]
[Source "ChessBase"]
[SourceQuality "1"]
[TimeControl "5400+30"]

1. c4 c5 2. Nc3 Nc6 3. g3 g6 4. Bg2 Bg7 5. Nf3 Nf6 6. O-O O-O 7. d4 cxd4 8. Nxd4 Nxd4 9. Qxd4 d6 10. b3 a6 11. Bb2 Nd7 12. Qd2 Rb8 13. Nd5 Bxb2 14. Qxb2 b6 15. Nb4 Bb7 16. Bxb7 Rxb7 17. Nxa6 b5 18. cxb5 Rxb5 19. a3 Qb6 20. Nb4 Nf6 21. Qc3 Ne4 22. Qd3 Qb7 23. f3 Nc5 24. Qe3 Ne6 25. Rfc1 Re5 26. Qf2 f5 27. Nd3 Ng5 28. Kg2 Re6 29. Nf4 Re5 30. b4 Nf7 31. Nd3 Rd5 32. Rc2 e5 33. Rac1 g5 34. Qe3 Re8 35. Rc7 Qb5 36. Rxf7 Kxf7 37. Qxg5 Qd7 38. Nf2 Rg8 39. Qh5+ Kg7 40. e4 fxe4 41. Nxe4 Qf7 42. Qh4 Rd4 43. Rc7 Rd5 44. Rc1 Rf8 45. Ng5 Rd2+ 46. Kh1 1-0

[Event "24th Bosnjaci Open 2019"]
[Site "Bosnjaci"]
[Date "2019.01.05"]
[Round "4.12"]
[White "Sipic, Hrvoje"]
[Black "Dejanovic, Tereza"]
[Result "1-0"]
[ECO "D02"]
[WhiteElo "2213"]
[BlackElo "1916"]
[Annotator "NA"]
[PlyCount "57"]
[EventDate "2019.01.03"]
[EventType "swiss"]
[EventCountry "CRO"]
[SourceTitle "playchess.com"]
[Source "ChessBase"]
[SourceQuality "1"]
[TimeControl "5400+30"]

1. d4 d5 2. Bf4 e6 3. Nf3 Bd6 4. Bg3 Nf6 5. e3 O-O 6. Bd3 c5 7. Nbd2 cxd4 8. exd4 Nc6 9. c3 Re8 10. Ne5 Qc7 11. f4 b6 12. O-O g6 13. Rf3 Bb7 14. Bh4 Be7 15. Qe2 Nh5 16. Bxe7 Qxe7 17. g4 Nf6 18. Rh3 Kg7 19. Rf1 Nd7 20. Qf2 Ncxe5 21. fxe5 Rh8 22. Rf3 Raf8 23. h4 Bc6 24. h5 Qe8 25. Qh4 h6 26. R3f2 a5 27. Nf3 Nb8 28. Qf6+ Kh7 29. Nh4 1-0

[Event "24th Bosnjaci Open 2019"]
[Site "Bosnjaci"]
[Date "2019.01.05"]
[Round "4.13"]
[White "Pasalic, Adnan"]
[Black "Ljikar, Zoran"]
[Result "0-1"]
[ECO "E10"]
[WhiteElo "1973"]
[BlackElo "2207"]
[Annotator "NA"]
[PlyCount "142"]
[EventDate "2019.01.03"]
[EventType "swiss"]
[EventCountry "CRO"]
[SourceTitle "playchess.com"]
[Source "ChessBase"]
[SourceQuality "1"]
[TimeControl "5400+30"]

1. d4 Nf6 2. c4 e6 3. Nf3 c5 4. d5 exd5 5. cxd5 b5 6. e4 Nxe4 7. Bd3 f5 {[%emt 0:07:30] E10: Blumenfeld Gambit} (7... Nf6 8. Bxb5 Qb6 9. Nc3 Ba6 10. a4 Bxb5 11. axb5 Be7 12. O-O O-O 13. Re1 Re8 14. Bg5 Kf8 15. d6 Qxd6 16. Bxf6 gxf6 17. Qc2 {1-0 (17) Lalic,B (2491)-Postny,E (2559) Port Erin 2005}) 8. O-O Be7 $146 ({Predecessor:} 8... Bd6 9. Nc3 Nxc3 10. bxc3 O-O 11. Bxb5 Ba6 12. a4 Qa5 13. Qd3 Bxb5 14. Qxb5 Qc7 15. Re1 {1-0 (23) Jimenez Alonso,J (2039)-Chuprys,V (1179) IECG email 2001}) 9. Bxb5 Qb6 10. Na3 O-O 11. Ne5 d6 12. Bc6 Nxc6 13. Nxc6 Bf6 14. Nc4 Qb5 15. Na3 Qa6 16. f3 Ng5 17. Re1 Bd7 18. Qb3 Nf7 19. Qc4 Qxc4 20. Nxc4 Bxc6 21. dxc6 Rac8 22. Re6 Rxc6 23. Bf4 Bd4+ 24. Be3 Bf6 25. Rd1 Rd8 26. b3 Kf8 27. Bf4 Bd4+ 28. Kf1 g6 29. Rde1 Rd7 30. Re8+ Kg7 31. h4 d5 32. Be5+ Bxe5 33. Nxe5 Nxe5 34. R1xe5 Kf6 35. f4 c4 36. bxc4 dxc4 37. Re2 c3 38. Rc2 Rd4 39. g3 Rd3 40. Kf2 Rb6 41. Re3 Rd2+ 42. Rxd2 cxd2 43. Ke2 Rb2 44. a3 Ra2 45. Kd1 a5 46. Ke2 Kg7 47. Rd3 Kh6 48. Rxd2 Rxa3 49. Kf2 Kh5 50. Rd7 Kg4 51. Rxh7 Rf3+ 52. Ke2 Rxg3 53. Ra7 Kxf4 54. h5 g5 55. Rxa5 Rh3 56. Ra4+ Ke5 57. Ra5+ Kf6 58. Ra6+ Kf7 59. Ra5 Rh2+ $11 60. Kf3 g4+ 61. Kf4 Rf2+ 62. Ke5 g3 63. Ra7+ Kg8 64. h6 g2 65. Rg7+ Kh8 66. Kf6 f4 67. h7 Ra2 68. Rg8+ Kxh7 69. Rg4 f3 70. Rg3 Ra6+ 71. Kf7 Ra7+ 0-1

[Event "24th Bosnjaci Open 2019"]
[Site "Bosnjaci"]
[Date "2019.01.05"]
[Round "4.14"]
[White "Blagojevic, Marijan"]
[Black "Ljubicic, Mario"]
[Result "1-0"]
[ECO "E91"]
[WhiteElo "2203"]
[BlackElo "1886"]
[Annotator "NA"]
[PlyCount "109"]
[EventDate "2019.01.03"]
[EventType "swiss"]
[EventCountry "CRO"]
[SourceTitle "playchess.com"]
[Source "ChessBase"]
[SourceQuality "1"]
[TimeControl "5400+30"]

1. d4 Nf6 2. c4 g6 3. Nc3 Bg7 4. e4 d6 5. Nf3 Bg4 6. Be2 O-O 7. Be3 Re8 8. O-O Nc6 9. d5 Bxf3 10. Bxf3 Ne5 11. Be2 Ned7 12. Qc2 e5 13. b4 Qe7 14. a3 Rf8 15. Rac1 b6 16. Rfe1 Ne8 17. Bd3 a6 18. Na4 Ndf6 19. h3 Nh5 20. c5 b5 21. Nc3 Nf4 22. Bf1 Qd7 23. c6 Qc8 24. g3 Nh5 25. Qd1 h6 26. Kh2 Kh7 27. a4 bxa4 28. Ra1 a5 29. b5 Rb8 30. Rxa4 Ra8 31. Be2 Nhf6 32. Bd3 Ng8 33. Qc2 f5 34. exf5 gxf5 35. f3 Kh8 36. Qd2 Qd8 37. Bc2 Ne7 38. Bxh6 Ng6 39. Bg5 Bf6 40. Bxf6+ Qxf6 41. Qh6+ Kg8 42. Rg1 Kf7 43. Qe3 Rh8 44. b6 cxb6 45. Qxb6 Ng7 46. Qc7+ Ne7 47. Nb5 Rad8 48. Rxa5 f4 49. Ra7 fxg3+ 50. Rxg3 Rhe8 51. Bg6+ Kf8 52. Bxe8 Rxe8 53. Nxd6 Qf4 54. Qd7 Nh5 55. Qxe8# 1-0

[Event "24th Bosnjaci Open 2019"]
[Site "Bosnjaci"]
[Date "2019.01.05"]
[Round "4.15"]
[White "Bekcic, Martin"]
[Black "Lazor, Vladimir"]
[Result "0-1"]
[ECO "A48"]
[WhiteElo "1898"]
[BlackElo "2164"]
[Annotator "NA"]
[PlyCount "90"]
[EventDate "2019.01.03"]
[EventType "swiss"]
[EventCountry "CRO"]
[SourceTitle "playchess.com"]
[Source "ChessBase"]
[SourceQuality "1"]
[TimeControl "5400+30"]

1. d4 Nf6 2. Bf4 g6 3. e3 Bg7 4. Nf3 O-O 5. Bc4 d6 6. h3 c6 7. O-O Nbd7 8. Nbd2 b5 9. Bb3 Bb7 10. c3 c5 11. Bc2 a5 12. a3 Qc7 13. Rc1 Rac8 14. Bb1 Qb6 15. Re1 Rfe8 16. Bg3 e5 17. dxe5 dxe5 18. e4 Rcd8 19. c4 b4 20. Qb3 Nh5 21. Bh2 Nf8 22. Qe3 Qc7 23. Bc2 Ne6 24. Ba4 Rf8 25. g3 Nd4 26. Nxd4 Rxd4 27. Nb3 Rxe4 28. Qxc5 Rxe1+ 29. Rxe1 Qd8 30. Qxa5 Qf6 31. Nc5 Ba8 32. Bd1 Qc6 33. f3 bxa3 34. bxa3 e4 35. Nxe4 Qxc4 36. Kh1 h6 37. Qb4 Qd3 38. Be2 Qd7 39. Rd1 Qxh3 40. Bf1 Qf5 41. Kg2 Nf6 42. Bd3 Nd5 43. Qe1 Qe5 44. f4 Qb2+ 45. Qd2 Ne3+ 0-1

[Event "24th Bosnjaci Open 2019"]
[Site "Bosnjaci"]
[Date "2019.01.05"]
[Round "4.16"]
[White "Jelecevic, Ivo"]
[Black "Tadic, Drago"]
[Result "0-1"]
[ECO "B32"]
[WhiteElo "2112"]
[BlackElo "1880"]
[Annotator "NA"]
[PlyCount "114"]
[EventDate "2019.01.03"]
[EventType "swiss"]
[EventCountry "CRO"]
[SourceTitle "playchess.com"]
[Source "ChessBase"]
[SourceQuality "1"]
[TimeControl "5400+30"]

1. e4 c5 2. Nf3 Nc6 3. d4 cxd4 4. Nxd4 e5 5. Nb5 d6 6. c4 a6 7. N5c3 Nf6 8. Be2 Be7 9. Be3 O-O 10. f3 Nh5 11. Nd5 f5 12. Nbc3 f4 13. Bf2 Nf6 14. Bb6 Qd7 15. O-O Bd8 16. Bf2 Nxd5 17. cxd5 Ne7 18. a4 b6 19. b4 Bb7 20. Qb3 Kh8 21. Rfc1 Rf6 22. Rc2 Rg6 23. Kh1 Rc8 24. Rac1 h6 25. Nb1 Rxc2 26. Qxc2 Rf6 27. Nd2 g5 28. Nc4 Nc8 29. Qd1 h5 30. Ra1 Rg6 31. Qg1 b5 32. axb5 axb5 33. Na3 Ba6 34. Rc1 Qb7 35. Nxb5 Bxb5 36. Bxb5 Qxb5 37. Rxc8 Rg8 38. Qe1 Bb6 39. Rxg8+ Kxg8 40. Bxb6 Qxb6 41. h3 h4 42. Qc3 Qf2 43. Qc8+ Kf7 44. Qf5+ Kg7 45. Qxg5+ Kh7 46. Kh2 Qb6 47. Qxh4+ Kg6 48. Qe1 Kh5 49. g3 fxg3+ 50. Kxg3 Qd8 51. Qe2 Qg5+ 52. Kf2 Kh4 53. b5 Kxh3 54. Qf1+ Kh2 55. b6 Qd2+ 56. Qe2 Qc1 57. b7 Qg1# 0-1

[Event "24th Bosnjaci Open 2019"]
[Site "Bosnjaci"]
[Date "2019.01.05"]
[Round "4.17"]
[White "Klasan, Elvis"]
[Black "Boban, Sten"]
[Result "0-1"]
[ECO "C46"]
[WhiteElo "1861"]
[BlackElo "2105"]
[Annotator "NA"]
[PlyCount "46"]
[EventDate "2019.01.03"]
[EventType "swiss"]
[EventCountry "CRO"]
[SourceTitle "playchess.com"]
[Source "ChessBase"]
[SourceQuality "1"]
[TimeControl "5400+30"]

1. e4 e5 2. Nf3 Nc6 3. Nc3 Bc5 4. d3 d6 5. Be3 Bb6 6. Nd5 Nge7 7. Nxb6 axb6 8. d4 exd4 9. Nxd4 O-O 10. Be2 f5 11. Nxc6 bxc6 12. exf5 Nxf5 13. Bc1 Qf6 14. O-O Be6 15. a3 Nd4 16. Bd3 Bd5 17. Be3 Nf3+ 18. Kh1 Qe5 19. gxf3 Bxf3+ 20. Qxf3 Rxf3 21. Kg2 Raf8 22. Be2 Qe4 23. Bd3 Rxf2+ 0-1

[Event "24th Bosnjaci Open 2019"]
[Site "Bosnjaci"]
[Date "2019.01.05"]
[Round "4.18"]
[White "Novosad, Ivan"]
[Black "Ascic, Anto"]
[Result "0-1"]
[ECO "D52"]
[WhiteElo "1840"]
[BlackElo "2093"]
[Annotator "NA"]
[PlyCount "70"]
[EventDate "2019.01.03"]
[EventType "swiss"]
[EventCountry "CRO"]
[SourceTitle "playchess.com"]
[Source "ChessBase"]
[SourceQuality "1"]
[TimeControl "5400+30"]

1. d4 Nf6 2. c4 e6 3. Nc3 d5 4. Bg5 Nbd7 5. Nf3 c6 6. e3 Qa5 7. a3 Ne4 8. Rc1 Nxc3 9. Rxc3 Bxa3 10. Nd2 Bxb2 11. Rb3 Bc3 12. c5 b6 13. cxb6 axb6 14. Qc2 Bxd2+ 15. Qxd2 Qa1+ 16. Qd1 Qxd1+ 17. Kxd1 Ra1+ 18. Kc2 Ba6 19. Rb1 Rxb1 20. Kxb1 Bxf1 21. Rxf1 f6 22. Bh4 Ke7 23. Rc1 c5 24. Bg3 e5 25. f4 exd4 26. exd4 f5 27. Bh4+ Kf7 28. Kc2 Ra8 29. Re1 Nf6 30. dxc5 bxc5 31. Kb3 Ne4 32. h3 c4+ 33. Kb2 d4 34. Rd1 d3 35. Be1 c3+ 0-1

[Event "24th Bosnjaci Open 2019"]
[Site "Bosnjaci"]
[Date "2019.01.05"]
[Round "4.19"]
[White "Egerc, Josip"]
[Black "Krso, Enver"]
[Result "1-0"]
[ECO "C41"]
[WhiteElo "2081"]
[BlackElo "1840"]
[Annotator "NA"]
[PlyCount "57"]
[EventDate "2019.01.03"]
[EventType "swiss"]
[EventCountry "CRO"]
[SourceTitle "playchess.com"]
[Source "ChessBase"]
[SourceQuality "1"]
[TimeControl "5400+30"]

1. e4 e5 2. Nf3 d6 3. d4 exd4 4. Nxd4 Nf6 5. Nc3 Be7 6. Bd3 Bg4 7. f3 Bh5 8. Be3 O-O 9. Qd2 Nc6 10. Nf5 Bg6 11. O-O-O Ne5 12. Qf2 Nxd3+ 13. Rxd3 Qd7 14. Nxe7+ Qxe7 15. g4 c5 16. h4 h5 17. Bg5 Qe6 18. Bxf6 Qxf6 19. Qg3 Rfd8 20. gxh5 Bxh5 21. Rd5 Qh6+ 22. Kb1 f6 23. Rhd1 b5 24. Nxb5 Rab8 25. Nxd6 Qe3 26. Nf5 Rxb2+ 27. Ka1 Rb1+ 28. Rxb1 Qc3+ 29. Rb2 1-0

[Event "24th Bosnjaci Open 2019"]
[Site "Bosnjaci"]
[Date "2019.01.05"]
[Round "4.20"]
[White "Mutapcic, Ilija"]
[Black "Ivekovic, Tihana"]
[Result "0-1"]
[ECO "D02"]
[WhiteElo "1836"]
[BlackElo "2071"]
[Annotator "NA"]
[PlyCount "100"]
[EventDate "2019.01.03"]
[EventType "swiss"]
[EventCountry "CRO"]
[SourceTitle "playchess.com"]
[Source "ChessBase"]
[SourceQuality "1"]
[TimeControl "5400+30"]

1. d4 d5 2. Nf3 Nf6 3. Bf4 c5 4. e3 Nc6 5. c3 Qb6 6. b3 Bg4 7. Be2 e6 8. O-O Be7 9. Nbd2 O-O 10. h3 Bh5 11. a4 cxd4 12. exd4 Rac8 13. b4 Qd8 14. Rc1 Bg6 15. a5 Ne4 16. Re1 Bd6 17. Bxd6 Qxd6 18. Nb3 b6 19. axb6 axb6 20. Bd3 Qe7 21. Bxe4 Bxe4 22. Nbd2 Bg6 23. Ne5 Nxe5 24. dxe5 Rc7 25. Nf3 Rfc8 26. Qd2 Rc4 27. Nd4 Qe8 28. Qe3 Qd7 29. f4 Be4 30. g4 R4c7 31. Rf1 Qe8 32. Qg3 Ra8 33. Rf2 Rca7 34. Qe3 Ra1 35. Kh2 R8a2 36. Rxa1 Rxa1 37. Nf3 Qc6 38. Ng5 Rh1+ 39. Kg3 Rg1+ 40. Kh4 h6 41. Nxe4 dxe4 42. Rc2 Rf1 43. c4 Rf3 44. Qd2 Rd3 45. Qe2 Qd7 46. Qxe4 Qd8+ 47. g5 hxg5+ 48. Kg4 gxf4 49. Rg2 f3 50. Ra2 Rd4 0-1

[Event "24th Bosnjaci Open 2019"]
[Site "Bosnjaci"]
[Date "2019.01.05"]
[Round "4.21"]
[White "Lesic, Krunoslav"]
[Black "Borzan, Andrej"]
[Result "0-1"]
[ECO "B09"]
[WhiteElo "2067"]
[BlackElo "1818"]
[Annotator "NA"]
[PlyCount "84"]
[EventDate "2019.01.03"]
[EventType "swiss"]
[EventCountry "CRO"]
[SourceTitle "playchess.com"]
[Source "ChessBase"]
[SourceQuality "1"]
[TimeControl "5400+30"]

1. e4 d6 2. d4 Nf6 3. Nc3 g6 4. f4 Bg7 5. Nf3 O-O 6. e5 Nfd7 7. Be3 c5 8. h4 cxd4 9. Bxd4 Nc6 10. exd6 Nxd4 11. Nxd4 exd6 12. Qd2 Nc5 13. O-O-O Bg4 14. Nf3 Qa5 15. Bc4 Bxc3 16. Qxc3 Qxc3 17. bxc3 Ne4 18. Rhe1 Bf5 19. Nd4 Rac8 20. Bb3 Rxc3 21. Nxf5 gxf5 22. Rd5 Nc5 23. Kb2 Rg3 24. Bc4 Rxg2 25. Rxf5 b5 26. Bf1 Rg3 27. Rg5+ Rxg5 28. hxg5 Ne6 29. Kc3 Rc8+ 30. Kd2 Rc5 31. Ke3 Rxc2 32. Bxb5 Rxa2 33. Rd1 Ra3+ 34. Ke4 Rb3 35. Bc4 Rb4 36. Rc1 Nxf4 37. Kxf4 d5 38. Ra1 dxc4 39. Rxa7 c3+ 40. Kf5 Rc4 41. Ra1 c2 42. Rc1 Kg7 0-1

[Event "24th Bosnjaci Open 2019"]
[Site "Bosnjaci"]
[Date "2019.01.05"]
[Round "4.22"]
[White "Katic, Zeljko"]
[Black "Slobodjanac, Sinisa"]
[Result "1/2-1/2"]
[ECO "B00"]
[WhiteElo "2035"]
[BlackElo "1797"]
[Annotator "NA"]
[PlyCount "94"]
[EventDate "2019.01.03"]
[EventType "swiss"]
[EventCountry "CRO"]
[SourceTitle "playchess.com"]
[Source "ChessBase"]
[SourceQuality "1"]
[TimeControl "5400+30"]

1. e4 b6 2. d4 Bb7 3. Nc3 e6 4. a3 Nf6 5. Bd3 c5 6. Nf3 cxd4 7. Nxd4 Nc6 8. Nf3 d6 9. Bg5 Be7 10. Qd2 h6 11. Bh4 Nxe4 12. Nxe4 Bxh4 13. O-O-O Be7 14. Bb5 Rc8 15. Nxd6+ Bxd6 16. Qxd6 Qxd6 17. Rxd6 Ke7 18. Rhd1 Rhd8 19. Bxc6 Bxc6 20. Rxd8 Rxd8 21. Rxd8 Kxd8 22. Ne1 Ke7 23. c4 Kd6 24. Kd2 g5 25. g3 e5 26. b4 a6 27. Nd3 Ke6 28. Nb2 b5 29. Kc3 f5 30. Nd3 bxc4 31. Nc5+ Kd5 32. Nxa6 f4 33. Nc5 e4 34. a4 h5 35. a5 e3 36. fxe3 fxg3 37. e4+ Ke5 38. hxg3 h4 39. Kxc4 hxg3 40. Nd3+ Kxe4 41. Ne1 Ke3 42. b5 g2 43. Nxg2+ Bxg2 44. a6 g4 45. Kc5 g3 46. b6 Bf3 47. b7 Bxb7 1/2-1/2

[Event "24th Bosnjaci Open 2019"]
[Site "Bosnjaci"]
[Date "2019.01.05"]
[Round "4.23"]
[White "Antolovic, Pero"]
[Black "Jergovic, Andrija"]
[Result "0-1"]
[ECO "A03"]
[WhiteElo "1774"]
[BlackElo "2012"]
[Annotator "NA"]
[PlyCount "68"]
[EventDate "2019.01.03"]
[EventType "swiss"]
[EventCountry "CRO"]
[SourceTitle "playchess.com"]
[Source "ChessBase"]
[SourceQuality "1"]
[TimeControl "5400+30"]

1. f4 d5 2. Nf3 Nf6 3. d4 g6 4. e3 Bg7 5. c4 c5 6. Nc3 cxd4 7. exd4 Nc6 8. cxd5 Nxd5 9. Bb5 O-O 10. Bxc6 bxc6 11. O-O Ba6 12. Re1 e6 13. h3 Rb8 14. Nxd5 cxd5 15. a3 Bc4 16. b4 a5 17. Bd2 Qb6 18. Bc3 axb4 19. Bxb4 Rfc8 20. Ne5 Bb5 21. Bc5 Qc7 22. a4 Ba6 23. Qd2 Rb3 24. Ra2 Bh6 25. Qf2 Qa5 26. Re3 Rb1+ 27. Kh2 Rf1 28. Rf3 Rxf2 29. Rfxf2 Bc4 30. Ra3 Qe1 31. Ng4 Bg7 32. Rff3 h5 33. Ne5 Rb8 34. Rae3 Qd1 0-1

[Event "24th Bosnjaci Open 2019"]
[Site "Bosnjaci"]
[Date "2019.01.05"]
[Round "4.24"]
[White "Damjanovic, Stjepan"]
[Black "Caric, Mato"]
[Result "1/2-1/2"]
[ECO "B23"]
[WhiteElo "1741"]
[BlackElo "2088"]
[Annotator "NA"]
[PlyCount "59"]
[EventDate "2019.01.03"]
[EventType "swiss"]
[EventCountry "CRO"]
[SourceTitle "playchess.com"]
[Source "ChessBase"]
[SourceQuality "1"]
[TimeControl "5400+30"]

1. e4 c5 2. Nc3 d6 3. f4 g6 4. Nf3 Bg7 5. Bb5+ Bd7 6. Bc4 e6 7. O-O Nc6 8. d3 a6 9. a3 Nge7 10. Be3 Qc7 11. Ba2 Rc8 12. d4 cxd4 13. Nxd4 O-O 14. Qd2 Na5 15. Rad1 Nc4 16. Bxc4 Qxc4 17. Nde2 d5 18. exd5 Nxd5 19. Nxd5 exd5 20. c3 Rce8 21. Nd4 Re4 22. f5 f6 23. fxg6 hxg6 24. Nc2 Ba4 25. Rde1 Bxc2 26. Qxc2 Rfe8 27. Qd2 f5 28. Bf2 Re2 29. Qd1 Rxe1 30. Rxe1 1/2-1/2

[Event "24th Bosnjaci Open 2019"]
[Site "Bosnjaci"]
[Date "2019.01.06"]
[Round "5.1"]
[White "Zaja, Ivan"]
[Black "Ivekovic, Bozidar"]
[Result "1/2-1/2"]
[ECO "D17"]
[WhiteElo "2458"]
[BlackElo "2398"]
[Annotator "ChessBase"]
[PlyCount "145"]
[EventDate "2019.01.03"]
[EventType "swiss"]
[EventCountry "CRO"]
[SourceTitle "playchess.com"]
[Source "ChessBase"]
[SourceQuality "1"]
[TimeControl "5400+30"]

1. d4 d5 2. c4 c6 3. Nf3 Nf6 4. Nc3 dxc4 5. a4 Bf5 6. Nh4 Bc8 7. Nf3 Bf5 8. Nh4 Bc8 9. e3 b6 10. Bxc4 Ba6 11. Qe2 Bxc4 12. Qxc4 e6 13. Nf3 Be7 14. Ne5 Qc8 15. e4 Nfd7 16. Bf4 Nxe5 17. Bxe5 O-O 18. O-O Qa6 19. Qb3 Nd7 20. Bg3 Rac8 21. Rfd1 Nf6 22. Bh4 Rfe8 23. Rac1 h6 24. Rc2 Qa5 25. e5 Nd5 26. Bxe7 Nxe7 27. Ne4 Qd5 28. Qd3 Red8 29. Nd6 Rc7 30. Qc4 Qxc4 31. Rxc4 Nc8 32. Nb5 Rb7 33. Rxc6 a6 34. Rc7 Rxc7 35. Nxc7 Ne7 36. b3 Rc8 37. Nxa6 Nd5 38. b4 Rc4 39. a5 Nxb4 40. Nxb4 Rxb4 41. axb6 h5 42. g3 Rxb6 43. h4 g6 44. Rd3 Rb2 45. Rf3 Kg7 46. Rf4 Ra2 47. Kg2 Rb2 48. Kf3 Ra2 49. g4 Ra3+ 50. Ke4 hxg4 51. Rxg4 Kf8 52. h5 gxh5 53. Rh4 Ra2 54. f4 Re2+ 55. Kf3 Re1 56. Rxh5 Ke7 57. f5 exf5 58. Rxf5 Ke6 59. Rf6+ Ke7 60. Rb6 Kd7 61. Kf4 Ke7 62. Kf5 Kd7 63. Rb7+ Ke8 64. d5 Rh1 65. d6 Rf1+ 66. Ke4 Re1+ 67. Kd4 Rd1+ 68. Ke3 f6 69. Re7+ Kd8 70. Ke4 fxe5 71. Rxe5 Rxd6 72. Rd5 Rxd5 73. Kxd5 1/2-1/2

[Event "24th Bosnjaci Open 2019"]
[Site "Bosnjaci"]
[Date "2019.01.06"]
[Round "5.2"]
[White "Klasan, Vladimir"]
[Black "Fercec, Nenad"]
[Result "0-1"]
[ECO "B90"]
[WhiteElo "2364"]
[BlackElo "2451"]
[Annotator "ChessBase"]
[PlyCount "72"]
[EventDate "2019.01.03"]
[EventType "swiss"]
[EventCountry "CRO"]
[SourceTitle "playchess.com"]
[Source "ChessBase"]
[SourceQuality "1"]
[TimeControl "5400+30"]

1. e4 c5 2. Nf3 d6 3. d4 Nf6 4. Nc3 cxd4 5. Nxd4 a6 6. Qf3 e6 7. g4 Qc7 8. g5 Nfd7 9. Be3 Ne5 10. Qg2 b5 11. a3 Nbd7 12. f4 Nc4 13. Bxc4 Qxc4 14. O-O-O b4 15. axb4 Qxb4 16. Nb3 Nc5 17. Bxc5 dxc5 18. f5 c4 19. Rd4 Bc5 20. Nxc5 Qxc5 21. Rhd1 O-O 22. g6 exf5 23. gxh7+ Kh8 24. Nd5 fxe4 25. Qxe4 Be6 26. Rxc4 Qf2 27. Qf4 Qg2 28. Ne3 Qg6 29. Rc5 Rac8 30. Rg5 Qh6 31. Nf5 Qf6 32. h4 Rc4 33. Rd4 Rfc8 34. Rxc4 Rxc4 35. Qd6 Rxc2+ 36. Kd1 Rc8 0-1